[Event "Titled Tuesday Blitz November 01 Late 2022"]
[White "ChessBrah"]
[Black "Azarov, Sergei"]
[BlackFideId "13501470"]
[WhiteElo "2888"]
[BlackElo "2494"]
[Result "0-1"]
[Round "11"]
[TimeControl "180+1"]
[Date "2022.11.01"]
[WhiteClock "0:00:01"]
[BlackClock "0:00:30"]

1. d4 f5 2. Nf3 Nf6 3. g3 e6 4. Bg2 Be7 5. O-O O-O 6. c4 d6 7. Nc3 Ne4 8. Qc2 Nxc3 9. bxc3 Nc6 10. e4 e5 11. dxe5 dxe5 12. Rd1 Qe8 13. Rd5 Be6 14. exf5 Bxf5 15. Qb3 Be4 16. Nd2 Bxg2 17. Kxg2 Qf7 18. f3 Bd6 19. Qc2 e4 20. f4 Bxf4 21. Nxe4 Bd6 22. Qd1 Rae8 23. Nxd6 Qf2+ 24. Kh3 Re2 25. Qh1 cxd6 26. Bg5 Ne5 27. Rxe5 dxe5 28. Qd5+ Kh8 29. Rh1 Qf5+ 30. Kh4 Re4+ 0-1


[Site "https://www.chess.com"]

[Event "Titled Tuesday Blitz November 01 Late 2022"]
[White "Chigaev, Maksim"]
[Black "Deac, Bogdan-Daniel"]
[WhiteFideId "4108116"]
[BlackFideId "1226380"]
[WhiteElo "2537"]
[BlackElo "2648"]
[Result "0-1"]
[Round "11"]
[TimeControl "180+1"]
[Date "2022.11.01"]
[WhiteClock "0:00:03"]
[BlackClock "0:00:06"]

1. Nf3 d5 2. c4 e6 3. g3 Nf6 4. Bg2 Be7 5. O-O O-O 6. b3 a5 7. Nc3 d4 8. Nb5 Nc6 9. e3 e5 10. exd4 e4 11. Ne5 Nxd4 12. Bb2 Ne6 13. d3 c6 14. Nc3 exd3 15. Qxd3 Qxd3 16. Nxd3 Rd8 17. Rad1 Bd7 18. Na4 Be8 19. Rfe1 Bb4 20. Nxb4 axb4 21. Be5 Rxd1 22. Rxd1 Ra5 23. Bd6 c5 24. Nb6 Rxa2 25. h3 Ra3 26. Bxb7 Rxb3 27. Bc8 Ne4 28. Be5 h6 29. Bxe6 fxe6 30. Rd8 Kf7 31. Rc8 Rb1+ 32. Kg2 b3 33. Rc7+ Kf8 34. Bxg7+ Kg8 35. Be5 b2 36. Bxb2 Rxb2 37. Rc8 Kf7 38. Rc7+ Kf6 39. Kf3 Ng5+ 40. Ke3 Rxb6 41. h4 Rb3+ 0-1


[Site "https://www.chess.com"]

[Event "Titled Tuesday Blitz November 01 Late 2022"]
[White "Dehtiarov, Roman"]
[Black "Fishchuk, Vladyslav"]
[WhiteFideId "14186640"]
[BlackFideId "34122117"]
[WhiteElo "2200"]
[BlackElo "2054"]
[Result "1-0"]
[Round "11"]
[TimeControl "180+1"]
[Date "2022.11.02"]
[WhiteClock "0:00:01"]
[BlackClock "0:00:11"]

1. e4 c5 2. Nc3 e6 3. f4 d5 4. Nf3 dxe4 5. Nxe4 Be7 6. Bb5+ Bd7 7. Qe2 Nf6 8. Ne5 O-O 9. Nxd7 Nbxd7 10. c3 Nxe4 11. Qxe4 a6 12. Bd3 Nf6 13. Qe2 Qd5 14. O-O Rfd8 15. Bc2 c4 16. Rf3 Bc5+ 17. Kh1 Ng4 18. h3 f5 19. hxg4 fxg4 20. Re3 Qh5+ 21. Kg1 Qh4 22. b4 g3 23. Qf3 Bxe3+ 24. dxe3 Rd3 25. Kf1 Rad8 26. Ke2 Rxc3 27. Be4 Qh1 28. Bb2 1-0


[Site "https://www.chess.com"]

[Event "Titled Tuesday Blitz November 01 Late 2022"]
[White "Ernst, Sipke"]
[Black "Diaz Rosas, Julio Cesar"]
[WhiteFideId "1004689"]
[BlackFideId "5105099"]
[WhiteElo "2438"]
[BlackElo "2246"]
[Result "1-0"]
[Round "11"]
[TimeControl "180+1"]
[Date "2022.11.02"]
[WhiteClock "0:00:02"]
[BlackClock "0:00:01"]

1. d4 Nf6 2. h4 d5 3. h5 h6 4. Nf3 c5 5. c3 Nc6 6. e3 Bg4 7. Be2 Bxh5 8. Ne5 Bxe2 9. Qxe2 Rc8 10. Nd2 e6 11. f4 Qb6 12. g4 Nxe5 13. dxe5 Ne4 14. Nxe4 dxe4 15. Qc4 Qc6 16. a4 a6 17. b3 Rd8 18. a5 Be7 19. Ra4 Qd5 20. O-O Qxc4 21. Rxc4 Rd3 22. Kf2 O-O 23. Ke2 Rfd8 24. Rh1 R8d5 25. Rf1 f5 26. exf6 Bxf6 27. Rxe4 Rxc3 28. Rxe6 Rxb3 29. Rd1 Rxd1 30. Kxd1 c4 31. e4 Bc3 32. Re8+ Kh7 33. f5 Bxa5 34. e5 Rd3+ 35. Ke2 Rd4 36. Kf3 c3 37. e6 Bb4 38. Rc8 Rd1 39. Be3 Rf1+ 40. Ke4 Re1 41. Kd3 a5 42. Bd4 Rd1+ 43. Ke4 Re1+ 44. Kd5 a4 45. Rc7 b5 46. Rxg7+ Kh8 47. Rb7+ Kg8 48. Rb8+ Bf8 49. f6 c2 50. e7 Kh7 51. exf8=Q 1-0


[Site "https://www.chess.com"]

[Event "Titled Tuesday Blitz November 01 Late 2022"]
[White "Ezat, Mohamed"]
[Black "Vlassov, Nikolai"]
[WhiteFideId "10600906"]
[BlackFideId "4103360"]
[WhiteElo "2386"]
[BlackElo "2324"]
[Result "1-0"]
[Round "11"]
[TimeControl "180+1"]
[Date "2022.11.02"]
[WhiteClock "0:00:13"]
[BlackClock "0:00:13"]

1. d4 Nf6 2. c4 Nc6 3. d5 Ne5 4. Qc2 e6 5. e4 Bc5 6. h3 d6 7. f4 Ng6 8. Nf3 exd5 9. cxd5 O-O 10. Bd3 c6 11. dxc6 bxc6 12. Nc3 Re8 13. Bd2 Rb8 14. O-O-O d5 15. e5 Nh5 16. Ne2 Bb4 17. g4 Bxd2+ 18. Qxd2 Nhxf4 19. Nxf4 Nxe5 20. Nxe5 Rxe5 21. Rde1 f6 22. Qc2 Qa5 23. Bxh7+ Kf7 24. Qg6+ Kf8 25. Rxe5 fxe5 26. Ne6+ Bxe6 27. Qxe6 Qc5+ 28. Kb1 Rxb2+ 29. Kxb2 Qd4+ 30. Kc2 Qf2+ 31. Kc1 Qe3+ 32. Kb1 Qb6+ 33. Kc2 Qf2+ 34. Kd1 Qf3+ 35. Kd2 Qg2+ 36. Kc3 d4+ 37. Kb4 Qxh1 38. Qd6+ Kf7 39. Bg6+ Kg8 40. Qd8# 1-0


[Site "https://www.chess.com"]

[Event "Titled Tuesday Blitz November 01 Late 2022"]
[White "Fernandez Guillen, Ernesto J."]
[Black "Rorrer, Grayson"]
[WhiteFideId "3512428"]
[BlackFideId "30944996"]
[WhiteElo "2422"]
[BlackElo "2130"]
[Result "1-0"]
[Round "11"]
[TimeControl "180+1"]
[Date "2022.11.01"]
[WhiteClock "0:00:24"]
[BlackClock "0:00:03"]

1. e4 c5 2. Nf3 d6 3. d4 cxd4 4. Nxd4 Nf6 5. Nc3 a6 6. Bc4 e6 7. Bb3 b5 8. f3 Be7 9. Be3 O-O 10. Qd2 Bb7 11. g4 Nfd7 12. g5 Nc6 13. h4 Rc8 14. O-O-O Qc7 15. h5 Nc5 16. g6 Nxb3+ 17. axb3 b4 18. Nce2 a5 19. Kb1 Nxd4 20. Nxd4 Qd7 21. Rdg1 Bf6 22. Bg5 fxg6 23. hxg6 h6 24. Bxh6 gxh6 25. g7 Rf7 26. Qxh6 Rxg7 27. Qxf6 Re8 28. Nxe6 Rxe6 29. Rxg7+ Qxg7 30. Qxe6+ Kf8 31. Qxd6+ 1-0


[Site "https://www.chess.com"]

[Event "Titled Tuesday Blitz November 01 Late 2022"]
[White "Freile Martin, Javier"]
[Black "Perske, Thore"]
[WhiteFideId "3600165"]
[BlackFideId "12902195"]
[WhiteElo "2440"]
[BlackElo "2336"]
[Result "1-0"]
[Round "11"]
[TimeControl "180+1"]
[Date "2022.11.02"]
[WhiteClock "0:00:20"]
[BlackClock "0:00:14"]

1. c4 c6 2. Nf3 d5 3. e3 Nf6 4. b3 e6 5. Bb2 Bd6 6. d3 O-O 7. Nbd2 Qe7 8. a3 e5 9. Be2 e4 10. Nd4 exd3 11. Bxd3 Na6 12. cxd5 Nc5 13. Be2 cxd5 14. b4 Nce4 15. N2f3 Bd7 16. O-O a5 17. b5 Ng4 18. Qd3 Rac8 19. a4 h5 20. h3 Rfe8 21. hxg4 hxg4 22. Nh2 Qh4 23. Ndf3 Qh5 24. Qd4 Nf6 25. g3 Rc2 26. Bd1 Rxb2 27. Qxb2 gxf3 28. Bxf3 Qh3 29. Bg2 Qh5 30. Rad1 Ne4 31. Qd4 Be6 32. Bxe4 1-0


[Site "https://www.chess.com"]

[Event "Titled Tuesday Blitz November 01 Late 2022"]
[White "Gallegos Diaz, Carlos Alberto"]
[Black "Winterberg, Lukas"]
[WhiteFideId "3900886"]
[BlackFideId "24622702"]
[WhiteElo "2362"]
[BlackElo "2349"]
[Result "1/2-1/2"]
[Round "11"]
[TimeControl "180+1"]
[Date "2022.11.02"]
[WhiteClock "0:00:11"]
[BlackClock "0:00:38"]

1. e4 e6 2. d3 d5 3. Nd2 Nc6 4. Ngf3 Nf6 5. Be2 e5 6. O-O Bd6 7. h3 O-O 8. c3 Re8 9. Re1 Ne7 10. b4 c6 11. a3 Ng6 12. Bf1 a5 13. Bb2 h6 14. Qc2 b5 15. Nb3 a4 16. Nbd2 Nh5 17. exd5 cxd5 18. c4 bxc4 19. dxc4 d4 20. c5 Bf8 21. Nc4 Nhf4 22. Ncxe5 Nxe5 23. Rxe5 Rxe5 24. Nxe5 Qg5 25. Nf3 Nxh3+ 26. Kh1 Qh5 27. gxh3 Qxf3+ 28. Bg2 Qh5 29. Bxa8 Bxh3 30. Kg1 Qg4+ 31. Kh1 Qh5 32. Kg1 Qg4+ 33. Kh1 Qh5 1/2-1/2


[Site "https://www.chess.com"]

[Event "Titled Tuesday Blitz November 01 Late 2022"]
[White "Grot, Blazej"]
[Black "Kirillov, Dmitry"]
[WhiteFideId "21835845"]
[BlackFideId "34180572"]
[WhiteElo "1739"]
[BlackElo "2095"]
[Result "0-1"]
[Round "11"]
[TimeControl "180+1"]
[Date "2022.11.02"]
[WhiteClock "0:00:01"]
[BlackClock "0:00:05"]

1. e4 c6 2. Nc3 d5 3. Qe2 d4 4. Nd1 c5 5. d3 e5 6. g3 Nc6 7. Bg2 Bd6 8. f4 Nge7 9. Nf3 Bd7 10. O-O f6 11. Nf2 Qc7 12. fxe5 Nxe5 13. Nxe5 Bxe5 14. Ng4 Bd6 15. Bf4 h5 16. e5 fxe5 17. Nxe5 O-O-O 18. Nf7 Bxf4 19. Rxf4 Ng6 20. Rff1 Rde8 21. Be4 Bg4 22. Qd2 Rxe4 23. dxe4 Re8 24. Qg5 Re6 25. Rae1 b6 26. e5 Bh3 27. Nd6+ Kb8 28. Qxg6 Rxg6 29. Rf8+ Bc8 30. Rxc8+ Qxc8 31. Nxc8 Kxc8 32. Kf2 Kd7 33. Kf3 Ke6 34. Ke4 Rg4+ 35. Kf3 Rg5 36. h3 Rxe5 37. Rxe5+ Kxe5 38. g4 h4 39. b3 g5 40. a3 b5 0-1


[Site "https://www.chess.com"]

[Event "Titled Tuesday Blitz November 01 Late 2022"]
[White "Hjartarson, Johann"]
[Black "Pace, Christopher"]
[WhiteFideId "2300044"]
[BlackFideId "2610167"]
[WhiteElo "2458"]
[BlackElo "2318"]
[Result "1-0"]
[Round "11"]
[TimeControl "180+1"]
[Date "2022.11.02"]
[WhiteClock "0:01:12"]
[BlackClock "0:00:16"]

1. d4 Nf6 2. c4 g6 3. Nc3 d5 4. Nf3 Bg7 5. Bf4 c6 6. e3 O-O 7. h3 dxc4 8. Bxc4 Nd5 9. Bg3 Nxc3 10. bxc3 Qa5 11. O-O Qxc3 12. Rc1 Qa5 13. Ne5 Nd7 14. Nxf7 Rxf7 15. Qb3 Qf5 16. e4 Qf6 17. e5 Qf5 18. Be6 Nc5 19. Bxf7+ Qxf7 20. Qxf7+ Kxf7 21. Rxc5 Be6 22. Rb1 Bxa2 23. Rxb7 Bd5 24. Ra5 a6 25. Rb6 Ke6 26. Raxa6 Rd8 27. Ra7 g5 28. f3 h5 29. Bf2 Bf8 30. Be3 Kf5 31. g4+ Kg6 32. Kf2 hxg4 33. hxg4 Kh6 34. Kg3 Kg6 35. Rc7 Re8 36. Rcxc6+ Bxc6 37. Rxc6+ e6 38. d5 Kf7 39. d6 Ra8 40. Bxg5 Bg7 41. f4 Ra3+ 42. Kh4 1-0


[Site "https://www.chess.com"]

[Event "Titled Tuesday Blitz November 01 Late 2022"]
[White "Hoffmann, Asa"]
[Black "Santos Flores, Alberto"]
[WhiteFideId "2001470"]
[BlackFideId "3601234"]
[WhiteElo "2117"]
[BlackElo "2235"]
[Result "1/2-1/2"]
[Round "11"]
[TimeControl "180+1"]
[Date "2022.11.02"]
[WhiteClock "0:00:32"]
[BlackClock "0:00:37"]

1. d4 d5 2. Bg5 Bf5 3. e3 Nd7 4. c4 c6 5. Nc3 Ngf6 6. Qb3 Qb6 7. c5 Qxb3 8. axb3 a6 9. b4 Rc8 10. Nf3 h6 11. Bh4 g5 12. Bg3 Nh5 13. Be2 Nxg3 14. hxg3 Bg7 15. Kd2 e5 16. Rad1 Bg6 17. g4 f5 18. gxf5 Bxf5 19. Kc1 Kf7 20. g3 Kg6 21. Nh2 Rce8 22. Bg4 exd4 23. exd4 Nf6 24. Bxf5+ Kxf5 25. Nf3 Ne4 26. Nxe4 Rxe4 27. Rde1 Rhe8 28. Kd2 Rxe1 29. Nxe1 Bxd4 30. Rxh6 Bxf2 31. Nd3 Bxg3 32. Rh7 Bf4+ 33. Kd1 Ke4 34. Kc2 Rb8 35. Rf7 Be3 36. Re7+ Kf3 37. Ne5+ Kg3 38. Nxc6 bxc6 39. Rxe3+ Kf2 40. Re6 Rxb4 41. Rxc6 g4 42. b3 g3 43. Rf6+ Kg1 44. Rg6 g2 45. c6 Rb8 46. Kc3 Rf8 47. Kd4 Kf1 48. Kxd5 g1=Q 49. Rxg1+ Kxg1 50. c7 Kf2 51. Kd6 Ke3 52. Kd7 Kd4 53. c8=Q Rxc8 54. Kxc8 a5 55. Kb7 Kc3 56. Kb6 Kxb3 57. Kxa5 1/2-1/2


[Site "https://www.chess.com"]

[Event "Titled Tuesday Blitz November 01 Late 2022"]
[White "Hua, Lefong"]
[Black "Pavlidou, Ekaterini"]
[WhiteFideId "2602253"]
[BlackFideId "4213262"]
[WhiteElo "2578"]
[BlackElo "2125"]
[Result "0-1"]
[Round "11"]
[TimeControl "180+1"]
[Date "2022.11.02"]
[WhiteClock "0:00:12"]
[BlackClock "0:01:05"]

1. d4 Nf6 2. c4 e6 3. Nc3 d5 4. cxd5 exd5 5. Bg5 c6 6. e3 Be7 7. Bd3 Nbd7 8. Qc2 h6 9. Bh4 Nh5 10. Bxe7 Qxe7 11. Nge2 Nhf6 12. O-O O-O 13. Ng3 Nb6 14. Rae1 Be6 15. f3 Nc4 16. Bxc4 dxc4 17. e4 Qd8 18. Rd1 b5 19. Nce2 Qb6 20. Kh1 Rfd8 21. e5 Nd5 22. Qd2 c5 23. Ne4 cxd4 24. Nxd4 Ne7 25. Nd6 Ng6 26. f4 Bg4 27. Rde1 Rxd6 28. exd6 Qxd6 29. Qf2 Rd8 30. Nxb5 Qf6 31. Nxa7 Bf5 32. Rd1 Rb8 33. Rd2 Be4 34. Re1 Qf5 35. Kg1 Nxf4 36. Qe3 Re8 37. Rf2 g5 38. Qb6 Qg4 39. Qe3 Nxg2 40. Qg3 Qxg3 41. hxg3 Nxe1 0-1


[Site "https://www.chess.com"]

[Event "Titled Tuesday Blitz November 01 Late 2022"]
[White "Ibarra Jerez, Jose Carlos"]
[Black "Martinez Alcantara, Jose Eduardo"]
[WhiteFideId "2226332"]
[BlackFideId "3805662"]
[WhiteElo "2627"]
[BlackElo "2703"]
[Result "0-1"]
[Round "11"]
[TimeControl "180+1"]
[Date "2022.11.01"]
[WhiteClock "0:00:02"]
[BlackClock "0:00:10"]

1. Nf3 d5 2. g3 Nf6 3. Bg2 Bg4 4. h3 Bh5 5. O-O c6 6. c4 e6 7. Qb3 Qb6 8. d3 Nbd7 9. Be3 Bc5 10. Bxc5 Nxc5 11. Qa3 Bxf3 12. Bxf3 a5 13. d4 Ncd7 14. cxd5 exd5 15. Qe3+ Kf8 16. Nc3 g6 17. Qh6+ Kg8 18. Qd2 Kg7 19. e3 Rhe8 20. Rac1 Qb4 21. a3 Qe7 22. Kg2 Nf8 23. Na4 Ne6 24. h4 Nd7 25. Rb1 f5 26. Nc3 Nb6 27. Be2 Nc8 28. Bd3 Nd6 29. Rbc1 a4 30. Qc2 b5 31. Na2 Nc4 32. Nb4 Rac8 33. Qc3 Kg8 34. Rfe1 Qd6 35. Qc2 Ng7 36. Bxc4 dxc4 37. Rcd1 Nh5 38. e4 fxe4 39. Rxe4 Nf6 40. Re2 Kf7 41. Rde1 Qxd4 42. Rxe8 Rxe8 43. Rd1 Qe4+ 44. Qxe4 Rxe4 45. Kf3 Re6 46. Rd8 c5 47. Nc2 Ne4 48. Ne3 c3 49. bxc3 Nxc3 50. Rc8 Rf6+ 51. Kg2 c4 52. Rc7+ Ke8 53. Rxh7 Rc6 54. Rb7 Rc5 55. g4 Ne4 56. f3 Nd6 57. Rb6 Kd7 58. Nc2 Kc7 59. Ra6 Rd5 60. Nb4 Rd2+ 61. Kg3 Kd7 62. h5 gxh5 63. gxh5 c3 64. Rc6 Nc4 65. h6 c2 66. Rxc4 bxc4 67. Nxc2 Rd6 68. Ne3 c3 69. Nf5 Rxh6 70. Ne3 Re6 71. Kf2 Rd6 72. Ke2 Rd2+ 73. Ke1 Ra2 74. Nd5 Ra1+ 75. Ke2 c2 0-1


[Site "https://www.chess.com"]

[Event "Titled Tuesday Blitz November 01 Late 2022"]
[White "Indjic, Aleksandar"]
[Black "Postny, Evgeny"]
[WhiteFideId "911925"]
[BlackFideId "2804344"]
[WhiteElo "2592"]
[BlackElo "2473"]
[Result "0-1"]
[Round "11"]
[TimeControl "180+1"]
[Date "2022.11.01"]
[WhiteClock "0:00:10"]
[BlackClock "0:00:08"]

1. e4 e5 2. Nf3 Nc6 3. Bb5 a6 4. Ba4 Nf6 5. O-O Be7 6. Re1 b5 7. Bb3 d6 8. c3 Na5 9. Bc2 c5 10. d4 Qc7 11. Nbd2 O-O 12. d5 c4 13. Nf1 Nb7 14. Ng3 Bd7 15. Bd2 a5 16. h3 Rfb8 17. Be3 Nc5 18. Nd2 b4 19. cxb4 Rxb4 20. b3 cxb3 21. axb3 Bb5 22. Rc1 Nfd7 23. Nf5 Bf8 24. Qg4 g6 25. Nh6+ Kg7 26. h4 Qd8 27. Qf3 Qf6 28. Qg3 Kh8 29. h5 Bxh6 30. Bxh6 gxh5 31. Qg5 Qxg5 32. Bxg5 f6 33. Be3 Bd3 34. f3 Bxc2 35. Rxc2 f5 36. Bh6 Rg8 37. Nc4 Rg6 38. Be3 fxe4 39. fxe4 Nxe4 40. Nxa5 Ndc5 41. Rf1 Kg7 42. Bc1 Rb5 43. Nc4 Rxb3 44. Ra2 Rb7 45. Ra8 h4 46. Rff8 Nf6 47. Rh8 Rd7 48. Nb6 Rb7 49. Nc4 Rb1 50. Nxd6 Rxc1+ 51. Kf2 Nfe4+ 52. Nxe4 Nxe4+ 53. Ke3 Nf6 54. Rhc8 Rxc8 55. Rxc8 Nxd5+ 56. Ke4 Nf6+ 57. Kxe5 Rxg2 58. Rc7+ Kg6 59. Rc6 Rf2 0-1


[Site "https://www.chess.com"]

[Event "Titled Tuesday Blitz November 01 Late 2022"]
[White "Ismayil, Malak"]
[Black "Castellanos Gomez, Alejandro"]
[WhiteFideId "13412604"]
[BlackFideId "22284141"]
[WhiteElo "1879"]
[BlackElo "2168"]
[Result "0-1"]
[Round "11"]
[TimeControl "180+1"]
[Date "2022.11.02"]
[WhiteClock "0:00:06"]
[BlackClock "0:00:01"]

1. e4 d5 2. exd5 Nf6 3. Nc3 Nxd5 4. Nxd5 Qxd5 5. Nf3 e5 6. d3 Nc6 7. Be2 Bc5 8. O-O O-O 9. a3 a5 10. Bd2 b6 11. Rb1 Bb7 12. c4 Qd6 13. Bc3 a4 14. Qc2 f5 15. Rbd1 Nd4 16. Nxd4 exd4 17. Bd2 Qg6 18. f3 Rae8 19. Bf4 Qf7 20. Rde1 Re6 21. Bd1 Rfe8 22. Rxe6 Rxe6 23. Qxa4 Qe7 24. b4 Bd6 25. Bxd6 Rxd6 26. Qc2 Qe3+ 27. Qf2 Qxd3 28. Be2 Qxa3 29. Rb1 Qa2 30. Rd1 c5 31. bxc5 bxc5 32. Bd3 Qa4 33. Rb1 Qc6 34. Bxf5 g6 35. Be4 Qa4 36. Rxb7 Qd1+ 37. Qf1 Qd2 38. h3 d3 39. Bd5+ Kf8 40. Rb3 Qe3+ 41. Kh1 Rxd5 42. cxd5 c4 43. Rc3 Qd2 44. Rxc4 Qe3 45. Re4 Qd2 46. Rd4 Qe2 47. Rxd3 Qxf1+ 0-1


[Site "https://www.chess.com"]

[Event "Titled Tuesday Blitz November 01 Late 2022"]
[White "Ivic, Velimir"]
[Black "Yuan, Qingyu"]
[WhiteFideId "950122"]
[BlackFideId "8609772"]
[WhiteElo "2625"]
[BlackElo "2359"]
[Result "1-0"]
[Round "11"]
[TimeControl "180+1"]
[Date "2022.11.01"]
[WhiteClock "0:00:10"]
[BlackClock "0:00:01"]

1. e4 c6 2. Nc3 d5 3. Nf3 dxe4 4. Nxe4 Nf6 5. Qe2 Nxe4 6. Qxe4 Nd7 7. d4 Nf6 8. Qd3 g6 9. Be2 Bf5 10. Qb3 Qb6 11. Ne5 Qxb3 12. axb3 Bxc2 13. Bc4 e6 14. Bg5 Ne4 15. Be3 Bb4+ 16. Ke2 Nd6 17. Rhc1 Nxc4 18. bxc4 Bf5 19. c5 a5 20. Ra4 f6 21. Nc4 Ke7 22. Bd2 Rhd8 23. Bc3 Be4 24. Nb6 Ra6 25. f3 Bd5 26. Rca1 Bb3 27. Bxb4 Bxa4 28. Bc3 Bb5+ 29. Ke3 a4 30. g4 Rh8 31. h4 h5 32. g5 Rf8 33. gxf6+ Rxf6 34. d5 exd5 35. Bxf6+ Kxf6 36. Kd4 Ra5 37. Kc3 Ba6 38. b4 Rb5 39. Rxa4 Kf5 40. Kd4 Kf4 41. Nd7 Kxf3 42. Ne5+ Kg3 43. Nxg6 Kg4 44. Ke5 Kg3 45. Ne7 Kg4 46. Nf5 b6 47. Rxa6 bxc5 48. bxc5 Rxc5 49. Nd4 Kxh4 50. Ra1 Kg3 51. Rg1+ Kf2 52. Rh1 Rc4 53. Rh2+ Kg3 54. Rxh5 c5 55. Nf5+ Kf3 56. Rh3+ Kg2 57. Ra3 Rc1 58. Ne3+ Kf2 59. Nxd5 c4 60. Kf4 Rb1 61. Nc3 Rb3 62. Ne4+ Ke2 63. Ra2+ Kd1 64. Rd2+ Kc1 65. Rh2 c3 66. Rh1+ Kb2 67. Nc5 c2 68. Nxb3 Kxb3 69. Ke3 Kb2 70. Kd2 Kb3 71. Rc1 1-0


[Site "https://www.chess.com"]

[Event "Titled Tuesday Blitz November 01 Late 2022"]
[White "Janaszak, Dawid"]
[Black "Castella Garcia, Fausto"]
[WhiteFideId "1119206"]
[BlackFideId "3501922"]
[WhiteElo "2226"]
[BlackElo "2246"]
[Result "1-0"]
[Round "11"]
[TimeControl "180+1"]
[Date "2022.11.02"]
[WhiteClock "0:00:14"]
[BlackClock "0:00:02"]

1. d4 Nf6 2. Nf3 g6 3. c3 Bg7 4. Bg5 O-O 5. Nbd2 d5 6. e3 Nbd7 7. Be2 Re8 8. O-O e5 9. dxe5 Nxe5 10. Nxe5 Rxe5 11. Nf3 Re8 12. Qb3 c6 13. Rfd1 Qb6 14. h3 Ne4 15. Bf4 Qxb3 16. axb3 a6 17. b4 Be6 18. Nd4 Bd7 19. Nb3 g5 20. Bh2 f5 21. Na5 b6 22. Nb3 b5 23. Ra2 f4 24. Bh5 fxe3 25. fxe3 Rf8 26. Bf3 Nf6 27. Nc5 Bc8 28. Rda1 h5 29. Nxa6 g4 30. hxg4 hxg4 31. Be2 Ne4 32. Bf4 Bxc3 33. Bd3 Rxf4 34. exf4 Bd4+ 35. Kf1 Ng3+ 36. Ke1 Bd7 37. Nc5 Re8+ 38. Kd1 Bf5 39. Ra8 Rxa8 40. Rxa8+ Kf7 41. Kc2 Ne4 42. Ra6 Bxc5 43. bxc5 Nxc5 44. Ra7+ Kf6 45. Bxf5 Kxf5 46. g3 Ne4 47. Rf7+ Ke6 48. Rg7 Nxg3 49. Rxg4 Nf5 50. Rg6+ Kd7 51. b4 d4 52. Kd3 Kc7 53. Rf6 Ne3 54. Kxd4 Nd5 55. Rf7+ Kd6 56. f5 Nxb4 57. Rh7 Nd5 58. Rh6+ Ke7 59. Ke5 Nc7 60. Rxc6 1-0


[Site "https://www.chess.com"]

[Event "Titled Tuesday Blitz November 01 Late 2022"]
[White "Jobava, Baadur"]
[Black "Firouzja, Alireza"]
[WhiteFideId "13601520"]
[BlackFideId "12573981"]
[WhiteElo "2582"]
[BlackElo "2903"]
[Result "0-1"]
[Round "11"]
[TimeControl "180+1"]
[Date "2022.11.01"]
[WhiteClock "0:00:01"]
[BlackClock "0:00:36"]

1. e4 c5 2. c3 d5 3. exd5 Qxd5 4. Nf3 Nc6 5. Na3 Bg4 6. Be2 e6 7. h3 Bh5 8. O-O Nf6 9. d4 cxd4 10. Nb5 O-O-O 11. Nbxd4 Bc5 12. Be3 e5 13. Nxc6 Qxc6 14. Qc1 Rhe8 15. Re1 Nd5 16. Bxc5 Qxc5 17. g3 f6 18. Nd2 Bxe2 19. Rxe2 Kb8 20. Qc2 g6 21. Nb3 Qc8 22. h4 Qg4 23. Qe4 Nf4 24. Ree1 f5 25. Qb4 Rd3 26. Re3 Rxe3 27. Qd6+ Ka8 28. fxe3 Qxg3+ 0-1


[Site "https://www.chess.com"]

[Event "Titled Tuesday Blitz November 01 Late 2022"]
[White "Jones, Gawain C B"]
[Black "Matinian, Nikita"]
[WhiteFideId "409561"]
[BlackFideId "24129100"]
[WhiteElo "2657"]
[BlackElo "2422"]
[Result "0-1"]
[Round "11"]
[TimeControl "180+1"]
[Date "2022.11.01"]
[WhiteClock "0:00:10"]
[BlackClock "0:00:10"]

1. e4 e5 2. Nf3 Nc6 3. c3 d5 4. Qa4 dxe4 5. Nxe5 Qd5 6. Nxc6 bxc6 7. Bc4 Qd6 8. O-O Nf6 9. d4 Bd7 10. g3 c5 11. Qb3 Be7 12. Bxf7+ Kf8 13. dxc5 Qxc5 14. Be6 Bb5 15. Be3 Qe5 16. Bd4 Qh5 17. c4 Bc6 18. Qe3 Rd8 19. Nc3 Qg6 20. Rad1 h5 21. Be5 Rxd1 22. Rxd1 h4 23. Nd5 hxg3 24. fxg3 Qh5 25. Rd2 Qxe5 26. Nxe7 Kxe7 27. Bd5 Bxd5 28. cxd5 Ng4 29. Qc5+ Kf7 30. Rc2 Rxh2 31. Qxc7+ Qxc7 32. Rxc7+ Kf6 33. Rxa7 Rxb2 34. d6 e3 35. d7 Ke7 36. Ra4 e2 37. Re4+ Kd8 38. a4 Rb1+ 39. Kg2 e1=Q 40. Rxe1 Rxe1 41. Kf3 Nf6 42. Kf4 Ra1 43. Kg5 Rxa4 44. g4 Rxg4+ 45. Kf5 Rd4 46. Ke6 Rxd7 47. Kf5 Ke8 48. Kg6 Kf8 0-1


[Site "https://www.chess.com"]

[Event "Titled Tuesday Blitz November 01 Late 2022"]
[White "Kanyamarala, Tarun"]
[Black "Barria Zuniga, Daniel"]
[WhiteFideId "45004714"]
[BlackFideId "3400816"]
[WhiteElo "2307"]
[BlackElo "2414"]
[Result "0-1"]
[Round "11"]
[TimeControl "180+1"]
[Date "2022.11.02"]
[WhiteClock "0:00:58"]
[BlackClock "0:00:43"]

1. e4 g6 2. d4 Bg7 3. Nf3 c5 4. dxc5 Nf6 5. Nc3 Qa5 6. Bd3 Qxc5 7. O-O O-O 8. Be3 Qa5 9. a3 d6 10. h3 Nbd7 11. b4 Qd8 12. Rb1 a6 13. Nd4 e6 14. Nce2 Qc7 15. c4 Ne5 16. Rc1 b6 17. Nc3 Bb7 18. f3 Rac8 19. Be2 Qb8 20. Qb3 Ba8 21. Rfd1 Rc7 22. f4 Ned7 23. Bf3 Rfc8 24. b5 a5 25. Nc6 Bxc6 26. bxc6 Rxc6 27. e5 dxe5 28. Bxc6 Rxc6 29. fxe5 Qxe5 30. Nb5 Bf8 31. Bd4 Bc5 32. Qf3 Bxd4+ 33. Nxd4 Rd6 34. Nc6 Qc5+ 0-1


[Site "https://www.chess.com"]

[Event "Titled Tuesday Blitz November 01 Late 2022"]
[White "Kanyamarala, Trisha"]
[Black "Hemam, Moulaye Brahim"]
[WhiteFideId "45004722"]
[BlackFideId "19600054"]
[WhiteElo "2099"]
[BlackElo "2088"]
[Result "0-1"]
[Round "11"]
[TimeControl "180+1"]
[Date "2022.11.02"]
[WhiteClock "0:00:39"]
[BlackClock "0:00:04"]

1. d4 Nf6 2. c4 e6 3. Nc3 d5 4. cxd5 exd5 5. Bg5 Be7 6. e3 O-O 7. Qc2 c6 8. Bd3 Nbd7 9. Nge2 Re8 10. O-O h6 11. Bh4 Nh5 12. Bxe7 Qxe7 13. Rae1 Nf8 14. e4 dxe4 15. Bxe4 Nf6 16. Bd3 Qd8 17. Bc4 Ne6 18. Rd1 Nc7 19. Nf4 Ncd5 20. Ncxd5 Nxd5 21. Bxd5 cxd5 22. Qb3 Be6 23. Rd2 b6 24. h3 Qg5 25. Qf3 Rac8 26. Re2 Qf6 27. Re5 Rc4 28. Qe3 Rc6 29. Nxd5 Bxd5 30. Rxe8+ Kh7 31. b3 Qg6 32. g3 Rf6 33. Rd8 Rf3 34. Qe5 Be6 35. Kh2 Rf5 36. Qe4 Rxf2+ 37. Rxf2 Qxe4 38. Kg1 Bd5 39. Kf1 Qxd4 40. Ke1 Qe3+ 41. Re2 Qxg3+ 42. Kd1 Bf3 43. Kd2 Bxe2 44. Kxe2 Qe5+ 45. Kd3 Qf5+ 46. Kc4 Qe6+ 47. Kb5 Qe5+ 48. Ka6 Qa5+ 49. Kb7 Qxa2 50. Ra8 Qxb3 51. Rxa7 Qxh3 52. Kxb6 Qe3+ 53. Kb7 Qxa7+ 0-1


[Site "https://www.chess.com"]

[Event "Titled Tuesday Blitz November 01 Late 2022"]
[White "Kaplan, Avi Harrison"]
[Black "Jaskolka, Tomasz"]
[WhiteFideId "30934559"]
[BlackFideId "1170791"]
[WhiteElo "1983"]
[BlackElo "2126"]
[Result "0-1"]
[Round "11"]
[TimeControl "180+1"]
[Date "2022.11.02"]
[WhiteClock "0:00:03"]
[BlackClock "0:01:14"]

1. d4 e6 2. c4 f5 3. Nc3 Nf6 4. Nf3 Be7 5. Bf4 O-O 6. e3 Nh5 7. Bd3 Nxf4 8. exf4 b6 9. O-O Bb7 10. Re1 Bf6 11. d5 Bxc3 12. bxc3 exd5 13. cxd5 Bxd5 14. Ne5 Nc6 15. Bxf5 Bxg2 16. Qh5 Rxf5 17. Qxf5 Bd5 18. c4 Be6 19. Nxc6 Bxf5 20. Nxd8 Rxd8 21. a4 a5 22. Rac1 d6 23. Re7 Rd7 24. Re8+ Kf7 25. Rce1 Bc2 26. Rc8 Bxa4 27. Ree8 Bb3 28. Rf8+ Kg6 29. Kg2 Bxc4 30. Kg3 a4 31. Kh4 a3 32. Ra8 a2 33. Kg4 b5 34. h4 b4 35. h5+ Kh6 36. Ra5 b3 37. Rb8 d5 38. Kh4 Rd6 39. Rc5 a1=Q 40. Rxc7 Qh1+ 41. Kg3 Qg1+ 42. Kf3 Re6 43. f5 Be2+ 44. Kf4 Qg4# 0-1


[Site "https://www.chess.com"]